 Dungeon Crawl Stone Soup version 0.29-a0-1009-g60c99734e7 (webtiles) character file.

Game seed: 13371334456002380107

361 nickcage the Spear-Bearer (level 6, 0/44 HPs)
             Began as a Merfolk Gladiator on Aug 8, 2022.
             Slain by Ijyb
             ... wielding a +0 club
              (2 damage)
             ... on level 3 of the Dungeon.
             The game lasted 00:04:54 (2266 turns).

nickcage the Spear-Bearer (Merfolk Gladiator)       Turns: 2266, Time: 00:04:54

Health: 0/44       AC: 15    Str: 17    XL:     6   Next: 66%
Magic:  6/6        EV: 11    Int:  7    God:
Gold:   143        SH:  0    Dex: 15    Spells: 5/5 levels left

rFire   . . .      SeeInvis .   h - +1 trident (protect)
rCold   . . .      Faith    .   (no shield)
rNeg    . . .      Spirit   .   i - +0 scale mail
rPois   .          Reflect  .   c - +1 helmet
rElec   .          Harm     .   (no cloak)
rCorr   .          Rampage  .   (no gloves)
Will    .....                   (no boots)
Stlth   ..........              (no amulet)
HPRegen 0.14/turn               (no ring)
MPRegen 0.10/turn               (no ring)

@: weak-willed, under a protective aura
A: (nimble swimmer 2), mertail
a: no special abilities


You were on level 3 of the Dungeon.
You visited 1 branch of the dungeon, and saw 3 of its levels.

You collected 143 gold pieces.

Inventory:

Hand Weapons
 a - a +0 trident
 h - a +1 trident of protection (weapon)
Missiles
 d - 3 throwing nets (quivered)
 e - a javelin
Armour
 b - a +0 leather armour
 c - a +1 helmet (worn)
 f - a +0 ring mail
 i - a +0 scale mail (worn)
Wands
 t - a wand of flame (24)
Scrolls
 g - a scroll of identify
 l - 3 scrolls of butterflies
 n - a scroll of teleportation
Potions
 k - a potion of mutation
 o - 2 potions of magic
 q - 2 potions of lignification


   Skills:
 - Level 2.1 Fighting
 + Level 9.6 Polearms
 - Level 2.0 Throwing
 - Level 4.0 Dodging


You had 5 spell levels left.
You didn't know any spells.
Your spell library was empty.

Dungeon Overview and Level Annotations

Branches:
Dungeon (3/15)

Altars:

Shops:
D:1 :   D:2 =

Annotations:
D:3 Ijyb


Innate Abilities, Weirdness & Mutations

((You are very nimble when in or above water. (Stealth+, EV+, Speed+++)))
Your lower body shifts to a powerful aquatic tail in water.


Message History

The white imp closely misses you. The ufetubus closely misses you. x2
You hit Ijyb but do no damage.
Ijyb is heavily wounded.
The ufetubus closely misses you. x2
The white imp hits you but does no damage.
Ijyb hits you but does no damage.
You barely miss Ijyb.
Ijyb is heavily wounded.
The ufetubus closely misses you. The ufetubus barely misses you.
You closely miss Ijyb.
Ijyb is heavily wounded.
Ijyb hits you but does no damage. The white imp gestures at you.
The puff of frost hits you but does no damage.
The ufetubus closely misses you. The ufetubus barely misses you.
You hit Ijyb but do no damage.
Ijyb is heavily wounded.
The ufetubus hits you but does no damage.
The ufetubus closely misses you. Ijyb hits you but does no damage.
The white imp hits you but does no damage.
You puncture Ijyb!
Ijyb is almost dead.
The ufetubus barely misses you. The ufetubus hits you.
* * * LOW HITPOINT WARNING * * *
The white imp hits you but does no damage.
Ijyb hits you with a +0 club.
* * * LOW HITPOINT WARNING * * *
The ufetubus hits you but does no damage. x2
You barely miss Ijyb.
Ijyb is almost dead.
The ufetubus hits you but does no damage. x2
The white imp gestures at you.
The puff of frost hits you but does no damage.
Ijyb hits you but does no damage.
You barely miss Ijyb.
Ijyb is almost dead.
The ufetubus barely misses you. The ufetubus closely misses you.
The white imp hits you but does no damage.
Ijyb hits you with a +0 club.
You die...

*,,,,,,,,,,*
*,,,,,,,,,,*
*,,,,,,,,,,*###########
*+**********#.........#
,,,,* #.........# ,,,,*
#.........# ,,,,*
#$........# ,,,,*******
#..5†.....#
,,,,+,,,,,**#...@5....#
,,,,*,,,,,,*#...g.$...#
,>,,*,,,,..'.........##
,,,,*,,,,..####......#
,,,,*,,,,.,,,,+......#*
,,,,*****+****#.......#
***** *,* #.......# *,*
###+###.# *,* *,* *,*


You could see Ijyb, a white imp and an ufetubus.

Vanquished Creatures
  Sigmund (D:2)
  Jessica (D:2)
  Natasha (twice) (D:2)
  4 adders (D:2)
  3 gnolls (D:2)
  2 worms
  5 dart slugs
  An orc (D:3)
  6 ball pythons
  An endoplasm (D:1)
  A giant cockroach (D:1)
  2 goblins
  5 hobgoblins
  3 jackals (D:1)
  3 kobolds
  9 bats
  A frilled lizard (D:2)
  5 rats
55 creatures vanquished.

Notes
Turn   | Place    | Note
-------+----------+-------------------------------------------
     0 | D:1      | nickcage the Merfolk Gladiator began the quest for the Orb.
     0 | D:1      | Reached XP level 1. HP: 16/16 MP: 1/1
    43 | D:1      | Found a faded altar of an unknown god.
   223 | D:1      | Reached XP level 2. HP: 22/22 MP: 2/2
   313 | D:1      | Found Cuiwkiu's Vocational Training.
   459 | D:1      | Reached skill level 5 in Polearms
   925 | D:1      | Reached XP level 3. HP: 27/27 MP: 3/3
   970 | D:1      | You fall into a shaft and drop 1 floor!
  1040 | D:2      | Reached skill level 6 in Polearms
  1114 | D:2      | Reached XP level 4. HP: 31/33 MP: 4/4
  1242 | D:2      | Found Oqoixzax's Jewellery Emporium.
  1518 | D:2      | Reached skill level 7 in Polearms
  1556 | D:2      | Noticed Sigmund
  1573 | D:2      | Killed Sigmund
  1574 | D:2      | Reached skill level 8 in Polearms
  1574 | D:2      | Reached XP level 5. HP: 37/38 MP: 5/5
  1574 | D:2      | Reached XP level 6. HP: 43/44 MP: 6/6
  1709 | D:2      | Reached skill level 9 in Polearms
  1737 | D:2      | Noticed Natasha
  1743 | D:2      | Killed Natasha
  1830 | D:2      | Noticed Jessica
  1833 | D:2      | Killed Jessica
  1865 | D:2      | Noticed Natasha
  1871 | D:2      | Killed Natasha
  2246 | D:3      | Noticed Ijyb
  2264 | D:3      | HP: 2/44 [Ijyb/+0 club (2)]
  2266 | D:3      | Slain by Ijyb

Illustrated notes

Levels and vault maps discovered:
D:1:      evilmike_arrival_plus, layout_loops_corners,
          hellmonk_ecumenical_altar_lost_god, nicolae_shop_vocational
D:2:      minmay_angry_zag, layout_basic, serial_shops, shop,
          minmay_misc_feat_plants, uniq_jessica, uniq_natasha, uniq_sigmund
D:3:      layout_basic, nicolae_dithmenos_through_a_glass_darkly, uniq_ijyb,
          uniq_crazy_yiuf_cottage, uniq_robin, uniq_terence

Skill      XL: |  1  2  3  4  5  6 |
---------------+-------------------+-----
Polearms       | 5 6 8 9 |  9.6
Fighting       | |  2.1
Throwing       | |  2.0
Dodging        | |  4.0

Action                   |  1- 3 |  4- 6 || total
-------------------------+-------+-------++-------
Melee: Trident           |    84 |   103 ||   187
       Punch             |       |     1 ||     1
Throw: Throwing net      |       |     1 ||     1
  Use: Scroll            |       |    11 ||    11
Armor: Ring mail         |     5 |       ||     5
       Scale mail        |    24 |    60 ||    84
Dodge: Dodged            |    37 |    49 ||    86

Table legend: (Time is in decaauts)
 A = Elapsed time spent in this place.
 B = Non-inter-level travel time spent in this place.
 C = Inter-level travel time spent in this place.
 D = Time resting spent in this place.
 E = Time spent auto-exploring this place.
 F = Levels seen in this place.
 G = Mean time per level.
                   A        B        C        D        E       F      G
               +--------+--------+--------+--------+--------+-----+--------+
         Total |   2254 |   2246 |      8 |      0 |   1872 |   3 |  751.3 |
       Dungeon |   2254 |   2246 |      8 |      0 |   1872 |   3 |  751.3 |
               +--------+--------+--------+--------+--------+-----+--------+

Top non-repeatable levels by time:
     D:2: 1199 daAuts
     D:1: 972 daAuts
     D:3: 82 daAuts
